 Dungeon Crawl Stone Soup version 0.32-a0-871-ge202e49faa (webtiles) character file.

Game seed: 8335561050554810593

102 dialectric the Changeling (level 4, -2/42 HPs)
             Began as a Troll Shapeshifter on Mar 29, 2024.
             Was an Initiate of Okawaru.
             Slain by a gnoll
             ... wielding a +0 halberd
              (6 damage)
             ... on level 3 of the Dungeon.
             The game lasted 00:01:52 (1526 turns).

dialectric the Changeling (Troll Shapeshifter)      Turns: 1526, Time: 00:01:53

Health: -2/42      AC:  4    Str: 24    XL:     4   Next: 50%
Magic:  2/3        EV:  9    Int:  6    God:    Okawaru [......]
Gold:   138        SH:  0    Dex:  9    Spells: 3/3 levels left

rFire   + .          .
                       - Unarmed
rCold   . . .        (no shield)
rNeg    . . .        a - +0 animal skin
rPois   .            (helmet currently unavailable)
rElec   .            (cloak currently unavailable)
rCorr   .            (gloves unavailable)
SInv    .            (boots unavailable)
Will    .....        (no amulet)
Stlth   +            h - ring of protection from fire
HPRegen 1.07/turn    (no ring)
MPRegen 0.08/turn

%: no passive effects
@: beast-form
A: beast (slay +2), large, unfitting armour, claws 3, regeneration 1, shaggy fur
1, tough skin 1
a: Begin Untransformation, Renounce Religion


You were on level 3 of the Dungeon.
You worshipped Okawaru.
Okawaru was noncommittal.
You were a hulking beast.
You visited 1 branch of the dungeon, and saw 3 of its levels.

You collected 138 gold pieces.

Inventory:

Hand Weapons
 g - a +0 whip
Missiles
 l - 2 poisoned darts (quivered)
Armour
 a - a +0 animal skin (worn)
Jewellery
 h - a ring of protection from fire (left claw)
 j - a ring of resist corrosion
 o - a ring of willpower
 q - an amulet of reflection
Talismans
 c - a beast talisman (active)
 d - a flux talisman
Wands
 t - a wand of flame (22)
Scrolls
 f - a scroll of identify
 k - a scroll of blinking {unknown}
 r - 2 scrolls of fear {unknown}
 s - a scroll of fog {unknown}
 u - a scroll of noise {unknown}
Potions
 b - a potion of lignification
 e - a potion of heal wounds {unknown}
 i - a potion of ambrosia {unknown}
 m - a potion of magic
 n - a potion of might
 p - a potion of cancellation {unknown}


   Skills:
 * Level 2.2 Fighting
 + Level 0.9 Armour
 + Level 2.3 Dodging
 - Level 3.0 Unarmed Combat
 + Level 3.6 Shapeshifting


You had 3 spell levels left.
You didn't know any spells.
Your spell library contained the following spells:

 Spells                   Type           Power      Damage    Failure   Level
 Foxfire                  Conj/Fire      0%         2x1d4     45%         1
 Sigil of Binding         Hex            0%         N/A       83%         3
 Plasma Beam              Fire/Air       0%         2x1d10    100%        6
 Starburst                Conj/Fire      0%         6d3       100%        6
 Death Channel            Necr           Unusable   N/A       N/A         6
 Sculpt Simulacrum        Ice/Alch       Unusable   N/A       N/A         6

Dungeon Overview and Level Annotations

Branches:
Dungeon (3/15)

Altars:
Okawaru


Innate Abilities, Weirdness & Mutations

You are a hulking beast.
Your limbs bulge with bestial killing power. (Slay +2)
You are too large for most types of armour.
You have claws for hands.
Your natural rate of healing is unusually fast.
You are covered in fur. (AC +1)
You have tough skin. (AC +1)


Message History

A kobold is nearby!
You scratch the kobold.
You kill the kobold!
Okawaru accepts your kill.
No target in view!
No target in view!
Found a trident.
No target in view!
A gnoll comes into view. It is wielding a +0 spear.
A gnoll is nearby!
The gnoll shouts!
A goblin comes into view. It is wielding a +0 club.
A gnoll comes into view. It is wielding a +2 antimagic spear.
There are monsters nearby!
A gnoll comes into view. It is wielding a +0 halberd.
The goblin shouts!
The gnoll shouts! x2
The gnoll hits you from afar with a +0 spear.
The gnoll hits you with a +0 spear.
The gnoll hits you from afar with a +2 antimagic spear.
You feel your power leaking away.
You scratch the gnoll.
The gnoll is lightly wounded.
The goblin hits you with a +0 club.
The gnoll hits you from afar with a +0 halberd!
The gnoll hits you with a +0 spear.
The gnoll hits you from afar with a +2 antimagic spear.
The goblin attacks as it pursues you! The goblin hits you but does no damage.
The gnoll attacks as it pursues you!
The gnoll hits you from afar with a +0 halberd!
* * * LOW HITPOINT WARNING * * *
The gnoll hits you but does no damage. The gnoll attacks as it pursues you!
The gnoll barely misses you. The gnoll attacks as it pursues you!
The gnoll hits you from afar with a +0 spear!
* * * LOW HITPOINT WARNING * * *
The goblin attacks as it pursues you! The goblin hits you with a +0 club.
* * * LOW HITPOINT WARNING * * *
The gnoll attacks as it pursues you!
The gnoll hits you from afar with a +0 halberd.
You die...

# ###### ####### #....#
##.##... #.##.###...#.##
####.##.##......##
#.......###...#.##
#.##.#..........##
#.##.#.#####.#####
#h##.#.# #.# #g##.#.#
##+# ####g##.#)# ##...##
#..g......###.....##
#......g.#.####.......##
.....ß.....# #.........#
....~~~......+.........'
##..~~~....###.........#
#..~~~..#.# #.......##


You could see 3 gnolls and a goblin.

Vanquished Creatures
  Terence (D:2)
  Robin (D:3)
  3 dart slugs
  A ribbon worm (D:2)
  An orc (D:3)
  2 ball pythons (D:1)
  2 endoplasms
  4 giant cockroaches
  12 goblins
  3 hobgoblins
  3 jackals (D:3)
  6 kobolds
  A quokka (D:1)
  2 bats (D:1)
  2 frilled lizards (D:1)
  9 rats
53 creatures vanquished.

Notes
Turn   | Place    | Note
-------+----------+-------------------------------------------
     0 | D:1      | dialectric the Troll Shapeshifter began the quest for the
                  | Orb.
     0 | D:1      | Reached XP level 1. HP: 18/18 MP: 0/0
    65 | D:1      | Reached skill level 1 in Fighting
   112 | D:1      | Reached XP level 2. HP: 27/27 MP: 1/1
   513 | D:2      | Reached XP level 3. HP: 32/33 MP: 2/2
   675 | D:2      | Found an iron altar of Okawaru.
   715 | D:2      | Noticed Terence
   724 | D:2      | Killed Terence
   741 | D:2      | Identified the +0 scale mail of Xom's Approval {rElec rC+
                  | SInv}
  1190 | D:2      | Became a worshipper of Warmaster Okawaru
  1205 | D:3      | Reached XP level 4. HP: 38/42 MP: 3/3
  1389 | D:3      | Noticed Robin
  1413 | D:3      | Killed Robin
  1526 | D:3      | Slain by a gnoll

Illustrated notes

Levels and vault maps discovered:
D:1:      tarquinn_simple_flora_water_b, layout_rooms, solitary_fountain
D:2:      layout_basic, basic_altar, minmay_tromino_v4_b,
          uniq_crazy_yiuf_cottage, uniq_terence
D:3:      layout_loops_corners, serial_park_tiny_pond,
          chequers_serial_rivers_micro_c, uniq_robin

Skill      XL: |  1  2  3  4 |
---------------+-------------+-----
Fighting       | 1 2 |  2.2
Dodging        | 2 |  2.3
Armour         | |  0.9
Unarmed Combat | |  3.0
Shapeshifting  | |  3.6

Action                     |  1- 3 |  4- 6 || total
---------------------------+-------+-------++-------
  Melee: Unarmed           |    67 |    44 ||   111
    Use: Scroll            |     2 |       ||     2
 Armour: Animal skin       |    30 |    33 ||    63
  Dodge: Dodged            |    26 |    13 ||    39

Table legend: (Time is in decaauts)
 A = Elapsed time spent in this place.
 B = Non-inter-level travel time spent in this place.
 C = Inter-level travel time spent in this place.
 D = Time resting spent in this place.
 E = Time spent auto-exploring this place.
 F = Levels seen in this place.
 G = Mean time per level.
                   A        B        C        D        E       F      G
               +--------+--------+--------+--------+--------+-----+--------+
         Total |   1518 |   1443 |     75 |      0 |   1139 |   3 |  506.0 |
       Dungeon |   1518 |   1443 |     75 |      0 |   1139 |   3 |  506.0 |
               +--------+--------+--------+--------+--------+-----+--------+

Top non-repeatable levels by time:
     D:2: 694 daAuts
     D:1: 502 daAuts
     D:3: 321 daAuts
